[Event "Coimbra Queima Fitas Open 2024"]
[Site "Coimbra"]
[Date "2024.04.25"]
[Round "1.13"]
[White "Pinsach Gelabert, Alexandre"]
[Black "Tsuzuki, Yan"]
[Result "1-0"]
[ECO "B10"]
[WhiteElo "2169"]
[BlackElo "1657"]
[Annotator "TA"]
[PlyCount "61"]
[EventDate "2024.04.23"]
[EventType "swiss"]
[EventCountry "POR"]
[SourceTitle "playchess.com"]
[Source "ChessBase"]
[SourceQuality "1"]
[TimeControl "5400+30"]

1. e4 c6 2. Nf3 d5 3. Nc3 dxe4 4. Nxe4 Nf6 5. Ng3 Bg4 6. h3 Bxf3 7. Qxf3 e6 8. c3 {[%emt 0:01:45] White is slightly better.} Nbd7 9. d4 Bd6 10. Bd3 O-O 11. O-O Qc7 12. Bg5 e5 13. Nf5 exd4 $1 14. cxd4 (14. Rad1 $5) 14... Rfe8 {[%emt 0:08:13] [#]} ({Black should try} 14... g6 $14) 15. Nh6+ gxh6 $11 16. Bxf6 Nxf6 (16... Bh2+ {looks sharper.} 17. Kh1 Nxf6 18. Qxf6 Qf4) 17. Qxf6 Re6 (17... Bh2+ $1 $11 18. Kh1 Qf4 19. Qxf4 Bxf4) 18. Qf5 $16 Rg6 {[%emt 0:00:40] Black is weak on the light squares} 19. Rfe1 Rg7 20. Re4 Qc8 21. Qh5 {[%emt 0:10:37] White is more active.} f5 22. Bc4+ Kh8 23. Re6 $36 {[%emt 0:02:24][%mdl 2048] Keeping Black busy.} Bf4 {[%emt 0:05:38] A mistake that costs the game.} (23... Qd7 $16) 24. Rae1 $18 (24. Qxf5 Qf8 25. Rf6 Qb4 $18) 24... Rg8 {[%emt 0:01:10] Against Re8} (24... Qg8) 25. Qxf5 Qf8 26. Rf6 {[%emt 0:04:11][%cal Oc4g8] [#] Threatening mate with Bxg8!} Qg7 27. Bxg8 (27. Qxf4 $2 Qxg2#) 27... Rxg8 28. g4 (28. Qxf4 $2 Qxg2#) 28... Bb8 29. Rf7 Qg6 30. Qxg6 (30. Qd7 $142 Bd6 31. Re6 (31. Qxb7 h5 $18) 31... Rf8 32. Rxg6 (32. Qxd6 Qxf7 33. Qe5+ Kg8 $18) 32... Rxf7 33. Qxf7 hxg6 34. Qf6+ (34. Qxg6 Bf8 $18) 34... Kg8 35. Qxg6+ (35. Qxd6 Kf7 36. f4 a6 37. f5 gxf5 38. gxf5 h5 39. Qe6+ Kg7 40. Qg6+ Kf8 41. f6 b5 42. Qg7+ Ke8 43. Qe7#) 35... Kf8 36. Qxd6+ Kf7 37. f4 (37. Qxh6 Ke7 38. g5 b5 39. g6 Kd7 40. g7 Kc7 41. g8=Q Kb6 42. Qd8+ Kb7 43. Qd7+ Kb6 44. Qhxc6+ Ka5 45. Qxb5#)) 30... Rxg6 31. Rf8+ {[%emt 0:00:14] Weighted Error Value: White=0.13 (very precise) /Black=0.66.  Loses game:     	---       	Black=1      Mistake:       	White=1     	Black=3      Inaccurate:     	White=1     	Black=2      OK:         	White=7     	Black=5      Best:        	White=2     	Black=3      Strong:       	---       	Black=1} (31. Re8+ $142 Rg8 32. Rff8 Rxf8 33. Rxf8+ Kg7 34. Rxb8) 1-0

[Event "Coimbra Queima Fitas Open 2024"]
[Site "Coimbra"]
[Date "2024.04.25"]
[Round "1.14"]
[White "Tenreiro, Manuel Costa Dias To"]
[Black "Dias, Ivo Rodrigues"]
[Result "0-1"]
[ECO "B43"]
[WhiteElo "1655"]
[BlackElo "2145"]
[Annotator "TA"]
[PlyCount "72"]
[EventDate "2024.04.23"]
[EventType "swiss"]
[EventCountry "POR"]
[SourceTitle "playchess.com"]
[Source "ChessBase"]
[SourceQuality "1"]
[TimeControl "5400+30"]

1. e4 c5 2. Nf3 e6 3. d4 cxd4 4. Nxd4 a6 5. Nc3 Qc7 6. a3 b5 7. Be2 Bb7 8. f3 Nf6 9. O-O Bd6 {[%emt 0:00:54] Black is slightly better.} (9... Bc5 $5 10. Kh1 $8 O-O $11) 10. h3 $2 {[%emt 0:13:15] [#]} (10. Kh1 $11 {and White stays safe.} Be7 (10... Bxh2 $2 11. f4 $18) 11. Qe1) 10... Nh5 ({Better is} 10... Bc5 $1 $19 {Strongly threatening ...Qb6.} 11. Kh1 Nh5) 11. f4 $15 Nxf4 12. Bxf4 {[%emt 0:00:25] Black converts the advantage convincingly.} (12. Bxb5 $17 O-O (12... axb5 13. Ndxb5 Qc5+ 14. Kh1 $16) 13. Be3) 12... Bxf4 $19 13. Bf3 Be5 {[%emt 0:01:13] This pair of bishops is nice.} 14. Nce2 O-O 15. Kh1 d6 16. c3 Nd7 17. Nb3 Rad8 18. Rc1 Nb6 19. Ned4 Nc4 20. Qe2 Qe7 21. Rfd1 (21. Qf2 $142) 21... Qh4 22. Qe1 Qf4 23. Qg1 {[%emt 0:01:13] Prevents Qh2+} Nxb2 ({Much less strong is} 23... Bxe4 24. Bxe4 Qxe4 25. Rc2 $19) 24. Rf1 Qh4 ({Don't take} 24... Bxe4 25. Na5 $19) 25. Rc2 Nc4 26. Re2 Bg3 ({Resist} 26... Nxa3 27. Na5 Rd7 28. Ra1) 27. Ra1 Ne5 {[%emt 0:00:18] ...Rc8 would now be deadly.} 28. a4 bxa4 29. Rxa4 Nd3 {[%emt 0:02:10] Hoping for ...Rc8.} 30. Raa2 g6 31. Qe3 Nf4 {[%emt 0:06:59][%cal Oe6e5] Black is clearly winning.} 32. Red2 (32. Na5 $142 Nxe2 33. Qxe2) 32... e5 33. Nc2 Ne6 34. Qb6 Rb8 35. Qxd6 Bf4 {[%emt 0:00:25][%cal Oh4g3] [#] White must now prevent ...Qg3!} 36. Re2 Rbd8 {[%emt 0:00:33] Weighted Error Value: White=0.91/Black=0.38.  Mistake:       	White=4     	Black=1      Inaccurate:     	White=2     	Black=2      OK:         	White=6     	Black=14} 0-1

[Event "Coimbra Queima Fitas Open 2024"]
[Site "Coimbra"]
[Date "2024.04.25"]
[Round "1.15"]
[White "Monteiro, Paulo Alexandre Gome"]
[Black "Cavadas, Jose Manuel"]
[Result "1-0"]
[ECO "E92"]
[WhiteElo "2122"]
[BlackElo "1653"]
[Annotator "RC"]
[PlyCount "73"]
[EventDate "2024.04.23"]
[EventType "swiss"]
[EventCountry "POR"]
[SourceTitle "playchess.com"]
[Source "ChessBase"]
[SourceQuality "1"]
[TimeControl "5400+30"]

1. d4 Nf6 2. c4 g6 3. Nc3 Bg7 4. e4 d6 5. Nf3 O-O 6. Be2 e5 7. dxe5 dxe5 8. Qxd8 Rxd8 9. Bg5 Re8 10. O-O-O c6 11. Nxe5 Nxe4 12. Nxe4 Bxe5 13. Rhe1 Kg7 14. Nd6 Bxd6 15. Rxd6 Nd7 16. Be3 Ne5 17. f4 Nd7 18. Bd4+ Kg8 19. Kd2 Nf8 20. g4 Ne6 21. Be3 c5 22. Bf3 Nd4 23. Bxd4 Be6 24. Bf6 Rab8 25. Kc3 b6 26. Red1 a6 27. Rd8 Rexd8 28. Rxd8+ Rxd8 29. Bxd8 b5 30. b3 bxc4 31. bxc4 Bc8 32. Be7 Kg7 33. g5 h5 34. Bxc5 f5 35. Kd4 Kh7 36. Ke5 a5 37. Kf6 1-0

[Event "Coimbra Queima Fitas Open 2024"]
[Site "Coimbra"]
[Date "2024.04.25"]
[Round "1.16"]
[White "Chipelo, Tomas Miguel Da Silv"]
[Black "Gama, Edivaldo Pereira Da"]
[Result "0-1"]
[ECO "A46"]
[WhiteElo "1652"]
[BlackElo "2109"]
[Annotator "NA RC"]
[PlyCount "62"]
[EventDate "2024.04.23"]
[EventType "swiss"]
[EventCountry "POR"]
[SourceTitle "playchess.com"]
[Source "ChessBase"]
[SourceQuality "1"]
[TimeControl "5400+30"]

1. d4 Nf6 2. Nf3 c5 3. e3 g6 4. b3 Bg7 5. Bb2 O-O 6. Be2 d6 7. O-O cxd4 {A48: 1 d4 Nf6 2 Nf3 g6: Torre, London and Colle Systems.} 8. Nxd4 {The main line 8.Nxd4 scores better than 8.exd4.} Nc6 9. Nd2 Bd7 10. c4 Qb6 11. Nxc6 bxc6 12. Qc2 $146 ({Predecessor:} 12. Bf3 Rfd8 13. Rc1 Be6 14. Qe2 d5 15. e4 d4 16. e5 Nd7 17. c5 Qc7 18. Bxd4 Nxe5 19. Bxe5 Bxe5 {0-1 Vidaurre,L (1860)-Cardenas Serrano,S (2136) San Sebastian de los Reyes op 12th 2010 (2)}) 12... Bf5 13. Bd3 Bxd3 14. Qxd3 Rfd8 15. Rac1 d5 16. cxd5 cxd5 17. Bd4 Qd6 18. Nf3 a5 19. Bc5 Qd7 20. a3 Ne4 21. b4 axb4 22. Bxb4 e6 23. Nd4 Rdc8 24. f3 Nd6 25. Nb3 Nc4 26. Nd2 Ne5 27. Qb3 (27. Qe2 $17 {was necessary.}) 27... Qb5 28. Rxc8+ Rxc8 29. a4 $19 (29. Be7 $17 {is a better defense.} Qe2 30. Rf2) 29... Qa6 30. Bc3 Rxc3 31. Qxc3 Nxf3+ 0-1

[Event "Coimbra Queima Fitas Open 2024"]
[Site "Coimbra"]
[Date "2024.04.25"]
[Round "1.17"]
[White "Novais, Carlos Joao Fernande"]
[Black "Maissa, Susana Flora Cesana"]
[Result "1-0"]
[ECO "B10"]
[WhiteElo "2101"]
[BlackElo "1650"]
[Annotator "TA"]
[PlyCount "86"]
[EventDate "2024.04.23"]
[EventType "swiss"]
[EventCountry "POR"]
[SourceTitle "playchess.com"]
[Source "ChessBase"]
[SourceQuality "1"]
[TimeControl "5400+30"]

1. c4 c6 2. e4 d5 3. cxd5 cxd5 4. exd5 Nf6 5. Nc3 Nxd5 6. Bc4 Nxc3 7. Qf3 e6 8. bxc3 Nc6 {[%emt 0:00:33] Black has an edge.} 9. d4 Qa5 (9... Bd6 $142) 10. Ne2 $11 Bd6 11. O-O O-O 12. Ng3 Ne7 13. Bd3 Ng6 14. Ne4 Be7 15. Bd2 Qc7 16. Qh5 Bd7 17. Ng5 Bxg5 $1 18. Qxg5 Qd8 19. Qg3 Bc6 20. Rfe1 Rc8 21. Rac1 Qh4 22. Bxg6 Qxg3 {[%emt 0:00:33][%csl Gc6][%cal Rg3g2] [#]} 23. Bxf7+ Rxf7 24. hxg3 Bd5 25. a4 Rfc7 26. Ra1 Kf7 27. f3 Kf6 28. Kf2 Rc4 29. Rh1 h6 30. g4 Rf8 31. Rh5 Ke7 32. Ke3 Kd6 33. Kd3 b6 34. Re5 Kd7 35. g5 hxg5 (35... h5 $14 {is superior.}) 36. Rxg5 $16 Rf7 37. Be1 Ke8 38. Bg3 Rd7 (38... a6 $16 {was worth a try.} 39. Bd6 b5 40. axb5 axb5) 39. Rh5 Rf7 40. Be5 Rb7 {[%emt 0:01:21] [#] Loses the game.} (40... Rc6 $16 {was called for.} 41. Rh4 Ke7) 41. Rh8+ $1 $18 Kf7 $2 (41... Kd7 42. Rg8 (42. Bxg7 Rbc7 $18) 42... a6 43. Rxg7+ (43. Bxg7 Rbc7 $18) 43... Kc6 44. Rxb7 Kxb7) 42. Rd8 $2 (42. Rah1 {White wants to mate with R1h7.} Rbc7 43. Bxc7 Rxc7 44. Rb8) 42... g6 $2 (42... Kg6 43. Rh8 Rf7) 43. Rh1 Ke7 {[%emt 0:01:26] Weighted Error Value: White=0.20 (precise) /Black=0.28 (precise) .  Mistake:       	White=1     	Black=6      Inaccurate:     	White=4     	Black=6      OK:         	White=9     	Black=12     Strong:       	White=1     	Black=1} 1-0

[Event "Coimbra Queima Fitas Open 2024"]
[Site "Coimbra"]
[Date "2024.04.25"]
[Round "1.18"]
[White "Guerra, Rui Pedro Oliveira"]
[Black "Vasconcelos, Paulo Jorge Lopes De"]
[Result "0-1"]
[ECO "C74"]
[WhiteElo "1639"]
[BlackElo "2093"]
[Annotator "NA RC"]
[PlyCount "78"]
[EventDate "2024.04.23"]
[EventType "swiss"]
[EventCountry "POR"]
[SourceTitle "playchess.com"]
[Source "ChessBase"]
[SourceQuality "1"]
[TimeControl "5400+30"]

1. e4 e5 2. Nf3 Nc6 3. Bb5 a6 4. Ba4 d6 5. c3 f5 6. d3 Nf6 7. Qe2 Be7 {[%emt 0:00:08] C74: Ruy Lopez: Deferred Steinitz: 5 c3 f5.} 8. O-O O-O 9. Bb3+ Kh8 10. Ng5 Qe8 11. Be6 (11. Ne6 $11 Bxe6 12. Bxe6) 11... f4 12. Bxc8 Rxc8 13. Rd1 Qg6 14. Nf3 (14. Nh3 $17 {was called for.}) 14... Rce8 15. Nh4 Qf7 16. Nf5 Bd8 17. Nd2 {[%emt 0:01:03] [#]} d5 (17... Ng8 $1 $17 18. g3 Qe6 (18... g6 19. Nh4 $17)) 18. Nf3 g6 19. Ng5 Qg8 20. Nh6 Qg7 21. Ng4 Qd7 22. Nxf6 Bxf6 23. Nf3 $15 g5 24. exd5 Qxd5 25. Qe4 (25. Nd2 $1 $11 {keeps the balance.}) 25... Qd7 (25... Rd8 $17 26. Rd2 Qxe4 27. dxe4 g4) 26. b3 g4 27. Nd2 Rg8 28. Bb2 h5 29. d4 exd4 30. Qxf4 Bg5 31. Qg3 d3 32. c4+ Kh7 33. Nf1 Rd8 34. Ne3 Nd4 35. Bxd4 Qxd4 36. Qxc7+ Rd7 37. Qa5 Bxe3 38. Qxh5+ Bh6 39. Qf5+ Kh8 0-1

[Event "Coimbra Queima Fitas Open 2024"]
[Site "Coimbra"]
[Date "2024.04.25"]
[Round "2.1"]
[White "Duque, Raquel Dos Santos"]
[Black "Sousa, Andre Miguel Vale Ve"]
[Result "0-1"]
[ECO "A13"]
[WhiteElo "1870"]
[BlackElo "2426"]
[Annotator "TA"]
[PlyCount "64"]
[EventDate "2024.04.23"]
[EventType "swiss"]
[EventCountry "POR"]
[SourceTitle "playchess.com"]
[Source "ChessBase"]
[SourceQuality "1"]
[TimeControl "5400+30"]

1. c4 e6 2. Nc3 d5 3. e3 Nf6 4. Nf3 Bd6 5. b3 O-O 6. Be2 Nbd7 7. O-O a6 8. d4 {The position is equal.} b6 9. Qc2 Bb7 10. Bd3 dxc4 11. bxc4 c5 12. Ba3 Qe7 13. Ne4 Bxe4 14. Bxe4 Nxe4 15. Qxe4 cxd4 16. Bxd6 Qxd6 17. exd4 Rac8 18. Rac1 Rc7 19. Rfd1 Rfc8 20. c5 Qc6 21. Qh4 h6 22. Qh5 Qd5 ({Black should try} 22... Qa4 23. Ne5 Nxe5 (23... Qxa2 $2 {too greedy.} 24. Qxf7+ Kh8 25. Nxd7 $18) 24. Qxe5 bxc5 (24... Qxa2 25. Ra1 $11) 25. dxc5 Qa5 (25... Qxa2 26. g3 $15) (25... Rxc5 26. Qxc5 $15)) 23. Qxd5 $17 exd5 24. Rb1 bxc5 25. dxc5 Rxc5 26. h3 Nf6 27. Rb7 (27. Nd4 $142) 27... Rc1 (27... Rc2 $142 28. a3 Ra2) 28. Rxc1 Rxc1+ 29. Kh2 Rc2 30. Ne5 (30. a4 $17) 30... Rxf2 $19 (30... Rxa2 31. f4) 31. Rb8+ Kh7 32. Nxf7 (32. a4 {was called for.}) 32... Rxa2 {Weighted Error Value: White=0.24 (precise) /Black=0.10 (very precise) .  Mistake:       	White=4     	Black=2      Inaccurate:     	White=2     	Black=1      OK:         	White=7     	Black=9      Best:        	White=2     	Black=2} 0-1

[Event "Coimbra Queima Fitas Open 2024"]
[Site "Coimbra"]
[Date "2024.04.25"]
[Round "2.2"]
[White "Veiga, Jose Francisco R P N"]
[Black "Goncalves, Diogo Figueiredo"]
[Result "1-0"]
[ECO "B40"]
[WhiteElo "2378"]
[BlackElo "1864"]
[Annotator "TA"]
[PlyCount "57"]
[EventDate "2024.04.23"]
[EventType "swiss"]
[EventCountry "POR"]
[SourceTitle "playchess.com"]
[Source "ChessBase"]
[SourceQuality "1"]
[TimeControl "5400+30"]

1. e4 c5 2. Nf3 e6 3. c3 Nf6 4. e5 Nd5 5. d4 cxd4 6. cxd4 d6 7. Bd3 Be7 8. O-O O-O 9. Nc3 Nxc3 10. bxc3 Qc7 11. exd6 Qxd6 12. Re1 Nd7 {[%emt 0:01:04] White is better.} 13. Ng5 Nf6 {[%emt 0:03:22] [#]} 14. Qf3 $1 h6 15. Ne4 {[%emt 0:00:31] White is much more active. The black rooks are passive.} Nxe4 16. Qxe4 f5 17. Qf3 g5 {[%emt 0:16:04] Prevents Bf4} (17... Qc7 $142) 18. Bc4 Rf6 {[%emt 0:02:26] [#]} (18... Kg7 $16 {was worth a try.} 19. Rb1 g4) 19. Bd2 (19. h4 $1 $18 Qc7 20. Bb3 (20. hxg5 hxg5 21. Qh5 Qxc4 $18)) 19... Kg7 ({Black should play} 19... Qc6 20. Qd3 Bf8) 20. Re2 Rb8 21. Rae1 b5 22. Bb3 Bb7 (22... a5 $16 {was called for.}) 23. Qg3 (23. Qh5 $18 {[%cal Re2e6] has better winning chances.} Be4 24. h4) 23... f4 $2 (23... Qxg3 $16 24. hxg3 Be4) 24. Qh3 $2 (24. Qg4 $18 {is more deadly.}) 24... g4 $2 25. Qd3 Bd5 26. Re5 {[%emt 0:01:43] Bxd5 would now be deadly.} Bxb3 27. axb3 g3 $2 (27... Rb6 28. g3 (28. Rxb5 g3 $18) 28... Qd7) 28. hxg3 $18 fxg3 29. Qxg3+ {[%emt 0:00:34] Weighted Error Value: White=0.44/Black=0.66.  Loses game:     	---       	Black=2      Missed win:     	White=1     	---        Mistake:       	White=2     	Black=5      Inaccurate:     	White=1     	Black=1      OK:         	White=5     	Black=4      Best:        	---       	Black=2      Strong:       	White=1     	---} (29. Rxb5 $2 {loses.} gxf2+ 30. Kf1 Qh2 $19 (30... fxe1=R+ $2 31. Kxe1 Rxb5 32. Qxb5 $19)) 1-0

[Event "Coimbra Queima Fitas Open 2024"]
[Site "Coimbra"]
[Date "2024.04.25"]
[Round "2.3"]
[White "Faryma, Maksym"]
[Black "Serarols Mabras, Bernat"]
[Result "1/2-1/2"]
[ECO "B13"]
[WhiteElo "1863"]
[BlackElo "2361"]
[Annotator "TA"]
[PlyCount "173"]
[EventDate "2024.04.23"]
[EventType "swiss"]
[EventCountry "POR"]
[SourceTitle "playchess.com"]
[Source "ChessBase"]
[SourceQuality "1"]
[TimeControl "5400+30"]

1. e4 c6 2. d4 d5 3. exd5 cxd5 4. Nf3 Nc6 5. c3 Bg4 6. Bd3 e6 $1 {[%emt 0:01:52] 6...e6 scores better than 6...Nf6.} 7. h3 {[%emt 0:01:06] B13: Caro-Kann: Exchange Variation and Panov-Botvinnik Attack.} Bh5 8. g4 Bg6 9. Qe2 $146 ({Predecessor:} 9. Bf4 Bd6 10. Bxd6 Qxd6 11. Nh4 Bxd3 12. Qxd3 Nge7 13. Nd2 O-O 14. Ndf3 e5 15. dxe5 Nxe5 16. Nxe5 Qxe5+ {0-1 Flores Barrera,A (1573)-Vilela de Acuna,J (2329) Gran Canaria Online Blitz 3rd 2022 (7)}) 9... Bd6 10. Bg5 Nge7 11. Bxe7 Qxe7 12. Nbd2 Bf4 13. Bxg6 hxg6 14. Ne5 Bxe5 15. dxe5 Qg5 16. Nf3 Qf4 17. Rd1 O-O-O 18. Kf1 Kb8 19. Kg2 Rde8 20. Qd2 Qxd2 21. Rxd2 Re7 22. Re1 Rc8 23. Nd4 Na5 24. Ree2 a6 25. Rc2 Rc4 26. Rcd2 b5 27. a3 Rc8 28. Rd1 Nb7 29. Kg3 Nc5 30. f3 Rb7 31. Nc2 Kc7 32. h4 Kd7 33. Rh2 Ke7 34. Re2 a5 35. Kg2 Na4 36. Rb1 Rb6 37. Kg3 Rc7 38. Kg2 Nc5 39. Rd1 Nd7 40. Rde1 f6 41. exf6+ gxf6 42. Ne3 Kf7 43. Nc2 Ne5 44. Nd4 $2 (44. Rd1 $11) 44... Nd3 $19 45. Rxe6 $2 (45. Rd1 Nf4+ 46. Kg3 Nxe2+ 47. Nxe2) 45... Nxe1+ $2 (45... Rxe6 $19 {has better winning chances.} 46. Rxe6 Nf4+ (46... Nxb2 47. Ra6 $14) 47. Kf2 Nxe6 48. Nxb5 Rc6) 46. Rxe1 $17 b4 $1 47. axb4 axb4 48. Re3 Ra7 49. Kg3 Ra2 50. h5 gxh5 ({Don't play} 50... Rxb2 $6 51. hxg6+ Kxg6 52. Nf5 $11) 51. gxh5 Rxb2 52. cxb4 R2xb4 53. Nf5 Re6 54. Ra3 (54. Nh6+ $15 Ke7 55. Ng8+ (55. Nf5+ $2 Kd7 $19) 55... Kd6 56. Ra3) 54... Re5 (54... Rb7 $1 $17 55. Ra8 Rd7) 55. Ra7+ $15 Ke6 56. Ng7+ Kd6 57. f4 $1 Re1 58. Nf5+ ({White should try} 58. h6 $15) 58... Kc5 $17 59. Rc7+ (59. h6 $17 {was worth a try.}) 59... Kb6 $19 60. Rf7 (60. Rc8 {might work better.}) 60... Rg1+ $2 (60... Rb3+ $1 $19 {is more deadly.} 61. Kh4 Rh1+ 62. Kg4 Rg1+ 63. Kh4 Rf3 64. Rxf6+ Kc5) 61. Kh2 $17 Rg8 (61... Rgb1 $17 {aiming for ...d4.} 62. Rxf6+ Kc5) 62. Rxf6+ (62. Ne7 $1 $11 Rb2+ 63. Kh3) 62... Kc5 $19 63. Ne7 Rh8 $2 (63... Rg7 $19 64. Ng6 Rb3) 64. Rf5 $1 $15 Rd4 65. Kh3 Rd1 66. Kg2 {[%emt 0:00:41] [#]} (66. Rg5 $15) 66... Kc4 (66... Rd3 $142 $1 67. Re5 Rf8) 67. Kf2 $2 (67. Ng6 $17 Rb8 68. Kg3) 67... d4 68. Ng6 Rh7 $2 ({Black should play} 68... Rc8 $19 {White must now prevent ...d3.} 69. Ne5+ Kc3) 69. Ne5+ $11 Kc3 70. Nf3 {[%emt 0:00:08] [#]} (70. Rf8 $11 {and White stays safe.}) 70... d3 (70... Rd7 $1 $19 {...d3 would now be deadly.} 71. h6 d3) 71. Rc5+ $11 Kb4 72. Rd5 Kc4 73. Rd8 Rxh5 74. Ke3 Rh3 75. Ke4 $1 Kc5 76. f5 Rh6 77. Rxd3 Rxd3 78. Kxd3 Kd5 79. Ke3 Kd6 80. Kf4 Ke7 81. Ng5 Rh4+ 82. Ke5 Rh1 83. f6+ Kf8 84. Ke6 Re1+ 85. Kf5 Rf1+ 86. Kg6 Rxf6+ 87. Kxf6 1/2-1/2

[Event "Coimbra Queima Fitas Open 2024"]
[Site "Coimbra"]
[Date "2024.04.25"]
[Round "2.4"]
[White "Martins, Bruno Andre Leite"]
[Black "Valente, Sofia Moreira Lopes "]
[Result "1-0"]
[ECO "B38"]
[WhiteElo "2360"]
[BlackElo "1854"]
[Annotator "TA"]
[PlyCount "75"]
[EventDate "2024.04.23"]
[EventType "swiss"]
[EventCountry "POR"]
[SourceTitle "playchess.com"]
[Source "ChessBase"]
[SourceQuality "1"]
[TimeControl "5400+30"]

1. e4 c5 2. Nf3 Nc6 3. d4 cxd4 4. Nxd4 g6 5. c4 Bg7 6. Be3 Nf6 7. Nc3 O-O 8. Be2 d6 9. O-O Bd7 10. h3 Nxd4 11. Bxd4 Bc6 12. Qc2 a5 13. Rad1 Qc7 14. b3 {[%emt 0:10:44] White is slightly better.} Rfb8 15. Qd3 b6 16. h4 Qb7 17. Nd5 Nxd5 ({Better is} 17... e5 $14 18. Be3 (18. Bxb6 $2 Bxd5 19. exd5 Qxb6 $19) 18... Bxd5 19. cxd5 Nd7) 18. exd5 $16 Bd7 19. h5 Bf5 ({Black should try} 19... Bxd4 20. Qxd4 Qc8) 20. Qe3 gxh5 21. Qg3 Bg6 {[%emt 0:00:31] [#]} 22. Bxg7 $1 Kxg7 23. f4 {[%emt 0:00:16][%cal Of4f5] White has more active pieces.} f5 24. Bxh5 {[%emt 0:01:29] Threatens to win with Rfe1.} Rf8 25. Rfe1 {[%emt 0:03:29] aiming for Bxg6.} Rf6 26. Re3 $36 {[%emt 0:01:42][%mdl 2048] [#] Rde1 would now be deadly. White is in control.} Rh8 $2 {[%emt 0:02:07][%mdl 8192] Loses the game.} (26... Raf8 $16 27. Rde1 R8f7) 27. Rde1 $18 Kf8 28. Bxg6 hxg6 $2 (28... Rxg6 29. Qh3 Rhg8 30. Qxf5+ Ke8 31. Rxe7+ Qxe7 32. Qc8+ (32. Rxe7+ Kxe7 33. Kf1 h6 $18) 32... Kf7 33. Qf5+ (33. Rxe7+ Kxe7 34. Qc7+ Kf8 $18) 33... Ke8 (33... Qf6 34. Qd7+ Kf8 35. Re8#) 34. Qc8+ (34. Rxe7+ Kxe7 35. Kf1 Kd8 $18) 34... Kf7 35. Rxe7+ Kxe7 36. Qc7+ Kf8) 29. Rxe7 {[%emt 0:02:28] White is clearly winning.} Qxe7 30. Rxe7 Kxe7 {[%emt 0:00:03][%mdl 4096] Endgame. KQ-KRR} 31. Qe3+ Kd7 32. Qxb6 Rc8 33. Qxa5 Rc7 34. Qb5+ Ke7 35. Qb6 Rd7 36. b4 Rf8 37. c5 Rdd8 38. Qc7+ {[%emt 0:00:34] Weighted Error Value: White=0.18 (very precise) /Black=0.62.  Loses game:     	---       	Black=1      Mistake:       	---       	Black=3      Inaccurate:     	---       	Black=1      OK:         	White=5     	Black=7      Best:        	White=2     	Black=1} 1-0

[Event "Coimbra Queima Fitas Open 2024"]
[Site "Coimbra"]
[Date "2024.04.25"]
[Round "2.5"]
[White "Costa, Goncalo Martins Paul"]
[Black "Martin Duque, Jesus"]
[Result "0-1"]
[ECO "A45"]
[WhiteElo "1855"]
[BlackElo "2336"]
[Annotator "TA"]
[PlyCount "70"]
[EventDate "2024.04.23"]
[EventType "swiss"]
[EventCountry "POR"]
[SourceTitle "playchess.com"]
[Source "ChessBase"]
[SourceQuality "1"]
[TimeControl "5400+30"]

1. d4 Nf6 2. Bf4 b6 3. Nf3 Bb7 4. Nc3 e6 5. e3 a6 6. a3 Be7 7. h3 O-O 8. Bd3 {[%emt 0:00:53] The position is equal.} c5 9. O-O d6 10. Re1 Nbd7 11. Bh2 Re8 12. e4 cxd4 13. Nxd4 Bf8 14. Nf3 Qc7 15. Qe2 Ne5 16. Nxe5 dxe5 17. Qd2 Red8 18. Kh1 Nh5 19. Qg5 (19. f3 {simplifies} Bd6 20. Red1 Nf4 21. Bg1) 19... Nf4 20. Bxf4 exf4 21. e5 h6 (21... f3 $15 22. gxf3 Bxf3+ 23. Kg1 Bc6) 22. Qxf4 $11 f5 23. Qc4 Qf7 24. Rad1 Bc5 25. Qh4 Rd4 26. f4 Rad8 27. Bf1 $2 {[%emt 0:01:58][%mdl 8192] [#]} (27. b4 $1 $14 {stays ahead.} Bf8 28. Qg3) 27... Kh7 $2 ({Black should try} 27... Rxd1 $19 28. Nxd1 (28. Rxd1 $2 {perishes.} Rxd1 29. Nxd1 Qd7 $19) 28... Rd2) 28. Rxd4 Rxd4 29. Qg3 Rd2 $36 {[%emt 0:01:51][%mdl 2048] Black has the initiative.} 30. Re2 {[%emt 0:00:24] Prevents Bf2.} Qd7 31. Rxd2 (31. b4 $1 $11 {and White has nothing to worry.} Be7 32. Kh2) 31... Qxd2 $19 32. b4 (32. Be2 $142) 32... Bf2 $2 (32... Be3 33. Ne2 Qd1 34. Qxe3 Qxf1+ 35. Qg1 Qxe2) 33. Qd3 Qxf4 {[%emt 0:00:10][%cal Of2d4] Strongly threatening ...Bd4!} 34. Qe2 $2 {[%emt 0:01:17] [#]} (34. Ne2 $19 Qxe5 35. c3) 34... Qg3 35. Qd3 Be3 {[%emt 0:00:09] Weighted Error Value: White=0.75/Black=0.54.  Loses game:     	White=2     	---        Missed win:     	---       	Black=1      Mistake:       	White=2     	Black=2      Inaccurate:     	White=2     	Black=2      OK:         	White=8     	Black=8      Best:        	White=2     	Black=1} 0-1